 Dungeon Crawl Stone Soup version 0.21.1-1-g345015f (webtiles) character file.

24 Iko the Sneak (level 3, -7/18 HPs)
             Began as a Vine Stalker Assassin on May 12, 2018.
             Mangled by salinator123's ghost (8 damage)
             ... on level 5 of the Dungeon.
             The game lasted 00:05:15 (451 turns).

Iko the Sneak (Vine Stalker Assassin)                Turns: 451, Time: 00:05:15

Health: -7/18      AC: 13    Str: 13    XL:     3   Next: 2%
Magic:  0/4        EV:  3    Int: 12    God:
Gold:   0          SH:  0    Dex: 15    Spells: 2/2 levels left

rFire    . . .     SeeInvis .   h - +0 club
rCold    . . .     Gourm    .   (no shield)
rNeg     . . .     Faith    .   a - +0 plate armour
rPois    .         Spirit   +   (no helmet)
rElec    .         Reflect  .   d - +0 cloak
rCorr    .         Harm     .   (no gloves)
MR       .....     Clarity  +   (no boots)
Stlth    ..........             (no amulet)
HPRegen  0.06/turn              (no ring)
MPRegen  0.09/turn              (no ring)

@: no status effects
A: fangs 2, iridescent scales 1, clarity, magic shield, antimagic bite, no
potion heal 3, rot immunity
a: no special abilities


You were on level 5 of the Dungeon.
You were not hungry.

You visited 1 branch of the dungeon, and saw 5 of its levels.

Inventory:

Hand Weapons
 b - a +0 blowgun
 h - a +0 club (weapon)
Missiles
 e - 3 poisoned needles
 f - a curare-tipped needle
Armour
 a - a +0 plate armour (worn)
 d - a +0 cloak (worn)
Potions
 c - 2 potions of curing
Comestibles
 g - 2 rations


   Skills:
 + Level 2.0 Fighting
   Level 1.8 Short Blades
 + Level 2.2 Throwing
 + Level 0.7 Dodging
 + Level 5.5 Stealth


You had 2 spell levels left.
You didn't know any spells.

Dungeon Overview and Level Annotations

Branches:
Dungeon (5/15)
 Temple: D:4-7

Altars:

Annotations:
D:5 salinator123's ghost, amateur DsFi


Innate Abilities, Weirdness & Mutations

You have extremely sharp teeth.
When hurt, damage is shared between your health and your magic reserves.
Your bite disrupts and absorbs the magic of your enemies.
Potions cannot restore your health.
You are immune to rotting.
You are partially covered in iridescent scales. (AC +2)
You possess an exceptional clarity of mind.


Message History

* * * LOW HITPOINT WARNING * * *
Salinator123's ghost hits you.
* * * LOW HITPOINT WARNING * * *
You hit salinator123's ghost but do no damage.
You bite salinator123's ghost, but do no damage.
Salinator123's ghost hits you but does no damage.
You hit salinator123's ghost but do no damage.
Your bite misses salinator123's ghost.
Salinator123's ghost hits you but does no damage.
Your plate armour prevents you from hitting salinator123's ghost.
You bite salinator123's ghost, but do no damage.
Salinator123's ghost hits you but does no damage. x2
You hit salinator123's ghost but do no damage.
Salinator123's ghost completely misses you.
You hit salinator123's ghost but do no damage.
You bite salinator123's ghost, but do no damage.
Salinator123's ghost hits you but does no damage.
You hit salinator123's ghost but do no damage.
Salinator123's ghost hits you. Salinator123's ghost hits you!
You die...

### #.. #.# #
#.# ##
#.##.###....
#....W....# #@#
##(##
####†..###
#....#...#
#.##...#.#
#..>.....#
#..##.##.######
#..............
#...#..........


You could see salinator123's ghost.

Vanquished Creatures
  An adder (D:2)
  An ooze (D:2)
  A worm (D:5)
  A leopard gecko (D:5)
  2 hobgoblins (D:3)
  A ball python skeleton (D:5)
  A frilled lizard (D:3)
  A rat (D:2)
9 creatures vanquished.

Notes
Turn   | Place    | Note
-------+----------+-------------------------------------------
     0 | D:1      | Iko the Vine Stalker Assassin began the quest for the Orb.
     0 | D:1      | Reached XP level 1. HP: 11/11 MP: 2/2
    25 | D:2      | Gained mutation: You possess an exceptional clarity of mind. [potion of mutation]
    25 | D:2      | Gained mutation: You are partially covered in iridescent scales. (AC +2) [potion of mutation]
    33 | D:2      | Reached skill level 5 in Stealth
    33 | D:2      | Reached XP level 2. HP: 15/15 MP: 3/3
   281 | D:5      | Entered Level 5 of the Dungeon
   434 | D:5      | Reached XP level 3. HP: 11/18 MP: 4/4
   438 | D:5      | Noticed salinator123's ghost (amateur DsFi)
   451 | D:5      | Mangled by salinator123's ghost

Skill      XL: |  1  2 |
---------------+-------+-----
Stealth        | 5 |  5.5
Throwing       | 2 |  2.2
Fighting       | 2 |  2.0
Short Blades   | |  1.8
Dodging        | |  0.7

Action                   || total
-------------------------++-------
Melee: Club              ||    22
       Bite              ||     8
       Dagger            ||     4
 Fire: Blowgun           ||    52
  Use: Potion            ||     2
       Scroll            ||     4
Armor: Plate armour      ||    27
       Robe              ||     8
Dodge: Dodged            ||    10
